 Dungeon Crawl Stone Soup version 0.25-a0-404-gc1b5a34 (webtiles) character file.

Game seed: 8901603784158989012, levelgen mode: deterministic

147 Dietz the Bolt Thrower (level 5, -1/30 HPs)
             Began as a Kobold Hunter on Jan 11, 2020.
             Succumbed to a worker ant's poison
             ... on level 4 of the Dungeon.
             The game lasted 00:08:08 (3609 turns).

Dietz the Bolt Thrower (Kobold Hunter)              Turns: 3609, Time: 00:08:09

Health: -1/30      AC:  4    Str: 10    XL:     5   Next: 55%
Magic:  5/5        EV: 15    Int: 12    God:
Gold:   186        SH:  0    Dex: 16    Spells: 4/4 levels left

rFire    . . .     SeeInvis .   a - +1 hand crossbow
rCold    + . .     Gourm    .   (shield restricted)
rNeg     . . .     Faith    .   c - +0 leather armour
rPois    .         Spirit   .   j - +0 helmet
rElec    .         Reflect  .   (no cloak)
rCorr    .         Harm     .   (no gloves)
MR       .....                  (no boots)
Stlth    ++........             x - amulet of regeneration
HPRegen  0.50/turn              e - ring of protection from cold
MPRegen  0.09/turn              (no ring)

@: lethally poisoned (-1 -> -24), flying
A: small, carnivore
a: no special abilities


You were on level 4 of the Dungeon.
You were full.

You visited 1 branch of the dungeon, and saw 4 of its levels.

You collected 186 gold pieces.

Inventory:

Hand Weapons
 a - a +1 hand crossbow (weapon)
 b - a +0 short sword
Missiles
 d - 37 bolts (quivered)
Armour
 c - a +0 leather armour (worn)
 j - a +0 helmet (worn)
Jewellery
 e - a ring of protection from cold (left hand)
 x - an amulet of regeneration (around neck)
Wands
 k - a wand of random effects (26)
 s - a wand of paralysis (7)
Scrolls
 h - a scroll of remove curse {unknown}
 l - 5 scrolls of identify {unknown}
 m - a scroll of enchant armour {unknown}
 p - a scroll of random uselessness {unknown}
 q - a scroll of enchant weapon {unknown}
 r - 3 scrolls of blinking {unknown}
 u - a scroll of fog {unknown}
 v - 2 scrolls of magic mapping {unknown}
Potions
 g - a potion of flight
 i - a potion of degeneration {unknown}
 n - 2 potions of cancellation {unknown}
 o - a potion of might {unknown}
 t - 2 potions of brilliance {unknown}
 w - a potion of ambrosia {unknown}
Comestibles
 f - 7 rations


   Skills:
 - Level 2.1 Fighting
 + Level 7.7 Crossbows
 - Level 2.4 Dodging
 - Level 1.3 Stealth


You had 4 spell levels left.
You didn't know any spells.
Your spell library was empty.

Dungeon Overview and Level Annotations

Branches:
Dungeon (4/15)
 Temple: D:4-7

Altars:
Qazlal
Uskayaw
The Shining One

Annotations:
D:3 Sigmund


Innate Abilities, Weirdness & Mutations

You are small and have problems with some larger weapons.
You are carnivorous and can eat meat at any time.


Message History

You feel sick. The worker ant bites you!
* * * LOW HITPOINT WARNING * * *
You are more poisoned.
The worker ant poisons you!
Firing (i - inventory)
d - 38 bolts (quivered)
Press: ? - help, Shift-Dir - straight line, f/p - worker ant
Aim: a worker ant (heavily wounded)
You shoot a bolt.
The bolt hits the worker ant but does no damage.
The worker ant is heavily wounded.
* * * LOW HITPOINT WARNING * * *
You feel sick. The worker ant bites you.
* * * LOW HITPOINT WARNING * * *
You are more poisoned.
The worker ant poisons you!
The worker ant bites you but does no damage.
It was a potion of flight.
You feel very buoyant.
You fly up into the air.
You die...

...........##+######......
.(........................
.........##...............
##.......##...............
#.......##...............
#################'#.....
######.# .... #......# ###
#@###### ......a.#
........# ........#
##.....=# #.......
#....... ####....


You could see a worker ant.

Vanquished Creatures
  Robin (D:2)
  5 adders
  4 dart slugs
  3 worms
  2 leopard geckos
  2 giant cockroaches
  16 goblins
  11 hobgoblins
  3 jackals (D:2)
  3 kobolds
  A quokka (D:2)
  9 bats
  5 frilled lizards
  7 rats
72 creatures vanquished.

Notes
Turn   | Place    | Note
-------+----------+-------------------------------------------
     0 | D:1      | Dietz the Kobold Hunter began the quest for the Orb.
     0 | D:1      | Reached XP level 1. HP: 12/12 MP: 1/1
    31 | D:1      | Reached skill level 5 in Crossbows
   141 | D:1      | Reached XP level 2. HP: 10/17 MP: 2/2
   693 | D:1      | Reached XP level 3. HP: 19/21 MP: 3/3
   837 | D:1      | Reached skill level 6 in Crossbows
  1686 | D:2      | Reached XP level 4. HP: 26/26 MP: 4/4
  1717 | D:2      | Noticed Robin
  2025 | D:2      | Found a stormy altar of Qazlal.
  2474 | D:2      | Reached skill level 7 in Crossbows
  2642 | D:2      | Reached XP level 5. HP: 30/30 MP: 5/5
  2745 | D:2      | Killed Robin
  3125 | D:3      | Found a glowing golden altar of the Shining One.
  3182 | D:3      | Found a hide-covered altar of Uskayaw.
  3321 | D:3      | Noticed Sigmund
  3609 | D:4      | Succumbed to a worker ant's poison

Levels and vault maps discovered:
D:1:      minmay_arrival_jagged, layout_loops_cross
D:2:      minmay_chambers_of_twos, layout_loops_corners,
          overflow_temple_1_default, minivault_24, uniq_robin
D:3:      layout_loops_ring, lemuel_zombie_altar_kikubaaqudgha,
          nicolae_tso_carved_into_rock, lemuel_round_altar, uniq_sigmund
D:4:      layout_basic, cheibrodos_ashenzari_chains,
          cheibrodos_sewer_entry_drain, uniq_eustachio

Skill      XL: |  1  2  3  4 |
---------------+-------------+-----
Crossbows      | 5 6 7 |  7.7
Fighting       | |  2.1
Dodging        | |  2.4
Stealth        | |  1.3

Action                   |  1- 3 |  4- 6 || total
-------------------------+-------+-------++-------
Melee: Short sword       |    52 |   131 ||   183
 Fire: Hand crossbow     |    25 |    44 ||    69
  Use: Potion            |       |     1 ||     1
 Stab: Sleeping          |     2 |     2 ||     4
  Eat: Chunk             |     9 |     4 ||    13
Armor: Leather armour    |    10 |    41 ||    51
Dodge: Dodged            |    35 |   172 ||   207

Table legend:
 A = Non-vault XP
 B = Vault XP
 C = Vault XP percentage of total XP
 D = Non-vault monster count
 E = Vault monster count
 F = Vault count percentage of total count
                 A         B        C        D         E       F
            +---------+---------+-------+---------+---------+-------
      Total |     161 |      50 |  23.7 |      52 |      20 |  27.8
            +---------+---------+-------+---------+---------+-------
        D:1 |      45 |       2 |   4.3 |      23 |       1 |   4.2
        D:2 |      72 |      48 |  40.0 |      19 |      19 |  50.0
        D:3 |      44 |       0 |   0.0 |      10 |       0 |   0.0
            +---------+---------+-------+---------+---------+-------
